Map: Torches LE

Players

халк

  • Race: Terran Terran
  • League: Silver
  • Spawn Location: 1:00

Sindyr - Winner!

  • Race: Zerg Zerg
  • League: Master
  • Spawn Location: 5:00

VOD

Have the link to the VOD?

Description

Time

  • Played on: Oct. 6, 2025, 10:02 p.m.
  • Length: 29:01
Show
View Real Time Build Order
Export as new Build Order

халк Terran 

Build Orders:  

Get SALT Encoding   

  12  0:11  Supply Depot  
  13  0:14  SCV  
  13  0:26  SCV  
  14  0:40  Barracks  
  14  0:45  SCV  
  15  0:57  SCV  
  15  1:03  Supply Depot  
  16  1:13  SCV  
  17  1:25  SCV  
  17  1:37  SCV  
  17  1:38  Supply Depot  
  18  1:42  Supply Depot  
  18  1:45  Refinery  
  18  1:49  SCV  
  18  1:52  Refinery  
  19  2:01  SCV  
  19  2:04  Marine  
  21  2:13  SCV  
  22  2:21  Marine  
  23  2:26  SCV  
  24  2:38  SCV  
  24  2:39  Marine  
  26  2:45  Barracks  
  26  2:50  SCV  
  27  2:57  Marine  
  26  3:02  SCV  
  26  3:14  Factory, SCV  
  26  3:20  Bunker  
  26  3:26  SCV  
  27  3:38  SCV  
  28  3:45  Command Center  
  28  3:50  SCV  
  28  3:52  Barracks Tech Lab  
  28  3:54  Barracks Tech Lab  
  29  3:57  Factory Tech Lab  
  30  4:02  SCV  
  30  4:05  Engineering Bay  
  30  4:17  Siege Tank  
  30  4:23  Marauder  
  35  4:45  Marauder, Concussive Shells  
  37  4:49  Siege Tank  
  39  5:06  Marauder  
  41  5:19  Barracks Reactor  
  41  5:29  Missile Turret x2  
  41  5:38  Missile Turret  
  41  5:42  Cyclone  
  44  5:52  Planetary Fortress, Missile Turret  
  44  6:01  Missile Turret x2  
  44  6:14  Siege Tank  
  47  6:22  Missile Turret  
  47  6:28  Command Center  
  47  6:35  Mag-Field Accelerator  
  47  6:46  Siege Tank  
  50  6:51  Starport  
  50  6:53  Neosteel Armor  
  50  7:19  Widow Mine  
  52  7:40  Widow Mine  
  52  7:42  Planetary Fortress  
  54  8:01  Widow Mine  
  54  8:04  SCV  
  57  8:12  Starport Reactor  
  57  8:16  SCV  
  58  8:22  Fusion Core  
  58  8:23  Widow Mine  
  60  8:29  SCV  
  61  8:41  SCV x2  
  62  8:44  Widow Mine  
  65  8:48  Refinery  
  65  8:51  Refinery  
  65  8:53  SCV x2  
  67  9:00  Factory, Liberator  
  70  9:05  SCV x2  
  70  9:06  Widow Mine  
  74  9:17  SCV x2  
  76  9:29  SCV  
  77  9:32  Bunker  
  77  9:33  Supply Depot  
  77  9:37  Supply Depot  
  77  9:40  Supply Depot  
  77  9:42  Supply Depot  
  77  9:55  SCV, Widow Mine, Supply Depot  
  80  10:01  Combat Shield  
  80  10:05  Factory Tech Lab  
  81  10:07  SCV  
  81  10:12  Liberator  
  81  10:13  Liberator  
  87  10:16  Armory  
  87  10:19  SCV  
  88  10:25  Command Center  
  88  10:42  Missile Turret  
  88  10:44  Siege Tank  
  91  10:55  Liberator  
  91  10:56  Cyclone, Liberator  
  100  11:03  Missile Turret  
  100  11:04  Smart Servos  
  100  11:16  Siege Tank  
  100  11:18  Missile Turret  
  103  11:37  Sensor Tower, SCV  
  104  11:43  Refinery  
  104  11:44  Refinery  
  104  11:49  SCV  
  105  12:01  SCV  
  105  12:03  Viking  
  105  12:04  Viking  
  110  12:13  SCV  
  111  12:22  Infernal Pre-Igniter  
  111  12:25  SCV  
  112  12:33  Viking  
  112  12:34  Viking  
  116  12:38  SCV  
  117  12:50  SCV  
  117  12:51  Thor  
  124  12:52  Advanced Ballistics  
  124  12:56  Terran Vehicle Weapons Level 1, Barracks Tech Lab  
  124  13:02  SCV  
  124  13:03  Viking x2  
  129  13:09  Sensor Tower  
  129  13:12  SCV  
  130  13:14  SCV  
  131  13:24  SCV  
  132  13:30  Armory  
  132  13:32  Armory  
  132  14:04  Caduceus Reactor  
  132  14:15  Supply Depot  
  132  14:18  Hi-Sec Auto Tracking  
  132  14:29  Supply Depot  
  132  14:33  Orbital Command  
  132  14:36  Viking x2  
  132  14:37  Widow Mine, Marauder  
  132  14:38  Supply Depot  
  140  14:42  Planetary Fortress  
  139  14:52  Supply Depot  
  139  14:58  Marauder, Widow Mine  
  143  15:06  Viking x2  
  147  15:15  Terran Infantry Weapons Level 1  
  147  15:19  Marauder, Widow Mine  
  147  15:20  Terran Ship Weapons Level 1  
  151  15:21  Terran Vehicle And Ship Armor Level 1  
  151  15:23  Terran Vehicle Weapons Level 2  
  151  15:32  Weapon Refit  
  151  15:37  Starport  
  151  15:38  Starport  
  151  15:41  Widow Mine, Marauder  
  155  16:02  Marauder, Widow Mine  
  155  16:03  Supply Depot  
  159  16:07  SCV  
  160  16:13  Liberator x2  
  160  16:16  Starport Tech Lab  
  160  16:17  Starport Tech Lab  
  166  16:25  Thor  
  173  16:26  Supply Depot  
  169  16:56  Liberator  
  169  16:57  Liberator  
  169  16:58  Supply Depot  
  175  17:08  Thor  
  181  17:09  Terran Infantry Armor Level 1  
  181  17:20  Battlecruiser  
  181  17:21  Viking  
  181  17:22  Supply Depot  
  189  17:37  Marine  
  189  17:38  Liberator  
  189  17:40  Liberator  
  196  17:51  Viking  
  196  17:55  Marine  
  189  18:13  Marine  
  190  18:21  Liberator, Viking  
  190  18:23  Liberator  
  190  18:24  Viking  
  190  18:26  Command Center  
  177  18:51  Viking  
  177  18:54  Viking  
  130  19:03  Terran Infantry Weapons Level 2  
  130  19:04  Viking  
  120  19:40  Orbital Command  
  120  19:43  Marauder  
  122  19:47  Viking x3  
  122  19:48  Viking  
  122  19:52  Refinery  
  130  19:53  Refinery  
  132  20:17  Viking x3  
  132  20:18  Viking  
  123  20:47  Viking x3  
  123  20:48  Viking  
  131  20:54  Command Center  
  131  20:57  Refinery  
  131  21:08  Terran Ship Weapons Level 2  
  131  21:09  Terran Vehicle And Ship Armor Level 2  
  131  21:10  Terran Vehicle Weapons Level 3  
  125  21:17  Viking x3  
  125  21:18  Viking  
  133  21:24  Missile Turret  
  132  21:40  Thor  
  132  21:44  Missile Turret  
  136  21:47  Viking x4  
  126  22:17  Viking x4  
  118  22:35  Command Center  
  118  22:47  Viking  
  118  22:48  Battlecruiser  
  118  22:49  Command Center  
  89  23:26  Marine  
  90  23:36  Refinery  
  90  23:44  Marine  
  85  24:02  Marine  
  72  24:20  Marine  
  67  24:35  Refinery  
  67  24:38  Marine  
  68  24:39  Banshee x2  
  68  24:42  Viking  
  68  24:44  Refinery  
  76  24:55  Marine  
  76  24:59  Widow Mine  
  79  25:02  Widow Mine  
  76  25:09  Bunker  
  76  25:13  Marine  
  68  25:20  Widow Mine  
  70  25:21  Banshee  
  70  25:22  Banshee  
  70  25:23  Widow Mine  
  78  25:31  Marine  
  79  25:42  Widow Mine  
  80  25:45  Widow Mine  
  80  25:49  Marine  
  83  26:03  Widow Mine  
  72  26:04  Banshee  
  72  26:06  Widow Mine  
Show
View Real Time Build Order
Export as new Build Order

Sindyr Zerg - Winner!

Build Orders: Hatch First, Brood Lord Corruptor 

Get SALT Encoding   

  12  0:03  Drone  
  13  0:14  Overlord  
  13  0:24  Drone  
  14  0:33  Drone x2  
  16  0:36  Drone  
  17  0:53  Hatchery  
  17  0:56  Drone  
  17  0:59  Drone  
  17  1:03  Extractor  
  17  1:42  Spawning Pool  
  17  1:44  Drone  
  17  1:48  Drone  
  17  1:52  Drone  
  19  2:00  Overlord  
  19  2:30  Queen x2  
  19  2:31  Zergling x4  
  19  2:34  Zergling x2  
  26  2:39  Metabolic Boost  
  27  2:44  Drone  
  27  2:47  Drone  
  28  2:58  Drone x3  
  29  3:00  Drone  
  29  3:03  Drone  
  32  3:20  Zergling x2  
  32  3:21  Zergling x6  
  36  3:28  Roach Warren  
  36  3:29  Drone  
  36  3:48  Overlord  
  36  3:49  Lair  
  36  3:50  Evolution Chamber  
  36  3:51  Drone  
  36  4:06  Queen  
  38  4:17  Zerg Missile Weapons Level 1  
  38  4:19  Roach  
  38  4:20  Roach x2  
  38  4:22  Overlord x2  
  44  4:38  Extractor  
  43  4:57  Drone x3  
  43  4:58  Drone x3  
  49  5:03  Extractor  
  48  5:07  Drone x5  
  48  5:10  Queen  
  55  5:26  Hatchery  
  55  5:28  Drone x3  
  57  5:36  Glial Reconstitution  
  57  5:47  Spore Crawler  
  56  6:01  Extractor  
  56  6:04  Overlord x2  
  55  6:16  Zerg Ground Armor Level 1  
  55  6:22  Spire  
  55  6:23  Drone  
  55  6:24  Drone x2  
  57  6:25  Drone  
  57  6:26  Drone x3  
  57  6:31  Hatchery  
  60  6:41  Queen  
  62  7:08  Drone x17  
  74  7:35  Extractor  
  73  7:37  Extractor  
  72  7:58  Queen  
  74  8:00  Zerg Flyer Weapons Level 1  
  74  8:05  Infestation Pit  
  73  8:10  Zerg Missile Weapons Level 2  
  73  8:38  Drone  
  73  8:39  Drone x2  
  76  8:54  Drone  
  76  8:55  Drone x9  
  86  8:57  Overlord  
  86  8:58  Overlord x3  
  86  9:02  Hive  
  86  9:31  Drone x3  
  89  10:03  Zerg Flyer Weapons Level 2  
  89  10:08  Burrow  
  89  10:14  Hydralisk Den  
  88  10:25  Overlord x2  
  88  10:26  Overlord x7, Extractor  
  87  10:29  Extractor  
  87  10:31  Overseer x3  
  86  10:46  Muscular Augments  
  86  10:59  Drone x2  
  86  11:00  Drone x4  
  92  11:26  Spire  
  92  11:30  Zerg Missile Weapons Level 3  
  92  11:31  Lurker Den  
  90  11:35  Evolution Chamber  
  89  11:50  Grooved Spines  
  89  11:55  Drone x8  
  89  11:59  Hatchery  
  96  12:19  Zerg Flyer Armor Level 1  
  96  12:27  Zerg Ground Armor Level 2  
  96  12:32  Adaptive Talons  
  96  12:38  Greater Spire  
  96  12:47  Corruptor  
  96  12:48  Corruptor x3  
  96  12:49  Corruptor x2  
  108  13:30  Seismic Spines  
  108  13:45  Unknown  
  108  13:53  Extractor  
  107  13:59  Brood Lord x3  
  107  14:00  Brood Lord x3  
  107  14:02  Zerg Flyer Weapons Level 3  
  119  14:10  Roach  
  119  14:11  Roach x7  
  119  14:12  Roach x2  
  119  14:13  Roach  
  119  14:14  Roach x5, Corruptor  
  119  14:15  Corruptor x7, Roach  
  119  14:16  Corruptor x3, Roach  
  177  14:17  Corruptor x2, Roach  
  177  14:18  Roach  
  177  14:20  Overlord x3  
  177  14:21  Overlord  
  185  14:24  Zerg Melee Weapons Level 1  
  185  15:01  Brood Lord x5  
  185  15:02  Brood Lord x2  
  199  15:10  Extractor  
  199  15:11  Zerg Ground Armor Level 3  
  198  15:30  Pneumatized Carapace  
  198  15:34  Zerg Flyer Armor Level 2  
  196  16:27  Zerg Melee Weapons Level 2  
  194  17:04  Hatchery  
  189  17:26  Corruptor  
  189  17:27  Hydralisk  
  189  17:28  Hydralisk x7  
  189  17:29  Hydralisk x2  
  199  17:31  Hydralisk x2  
  199  18:09  Overseer  
  185  18:52  Roach x14  
  193  19:01  Roach  
  193  19:02  Roach x14, Zergling x2  
  200  19:03  Roach  
  200  19:04  Roach  
  188  19:12  Mutalisk x6  
  200  19:20  Zerg Melee Weapons Level 3  
  200  19:22  Zerg Flyer Armor Level 3  
  200  20:07  Extractor x2  
  196  20:22  Hydralisk x2  
  196  20:26  Lair  
  200  20:30  Spore Crawler  
  198  21:03  Overseer x3  
  196  21:32  Hatchery  
  161  22:15  Hydralisk  
  161  22:16  Hydralisk x7, Mutalisk  
  161  22:17  Hydralisk x2, Mutalisk x2  
  161  22:20  Overlord x5  
  161  22:21  Overlord x4  
  143  23:24  Mutalisk x8, Hydralisk  
  143  23:25  Mutalisk x5, Hydralisk x6  
  143  23:26  Hydralisk x4, Mutalisk x4  
  186  24:00  Queen  
  186  24:02  Hydralisk  
  186  24:03  Mutalisk x7  
  200  24:21  Hive  
  200  24:33  Extractor  
  200  24:34  Extractor  
  198  25:52  Lurker x2  
  124  26:51  Mutalisk x12  
  124  26:52  Mutalisk x27  
Tags
 
Matchup
TvZ
Replay Pack
Multiplayer
Spawn Locations
Close Positions
Add a new tag
Caveats
  • Supply blocks, unpowered buildings, or Contaminate may cause inaccurate times.
  • Supply counts are checked every 10 seconds.